AoeStats
← Pororoca

Arena

507796036Analyzed
4v4 RM · 12d ago on Sep 19, 2026· 53m 32s· 8 players
Game mode
Random Map
Map size
Large (8 player)
Population
200
Speed
Normal
Resources
Standard
Victory
Conquest
Starting age
Dark Age
Ending age
Imperial Age
RankedLock teamsTeams togetherTeam positionsShared explorationLock speedFull tech treeHidden civsTurbo modeCheats
Victory
Defeat
🇦🇷 Britons · Argentina
1325
+14
🇮🇳 Malay · India
1313
+15
1309
+15
🇦🇷 Slavs · Argentina
1259
+17
🇵🇦 Mongols · Panama
1300
-16
🇺🇸 Franks · United States
1286
-15
🇺🇸 Muisca · United States
1284
-15
🇵🇾 Burgundians · Paraguay
1278
-15
Hastur
10:48 Feudal Age
14:49 Castle Age
13:50 Double-Bit Axe
13:57 Gold Mining
14:35 Loom
16:30 Bow Saw
26:10 Atonement
29:48 Wheelbarrow
29:17 Horse Collar
31:26 Hand Cart
31:33 Heavy Plow
35:43 Imperial Age
33:19 Fletching
33:29 Padded Archer Armor
34:50 Elite Skirmisher
TheBrian
9:23 Feudal Age
9:24 Loom
13:45 Castle Age
12:23 Double-Bit Axe
15:46 Fletching
18:49 Bodkin Arrow
19:42 Padded Archer Armor
28:05 Leather Archer Armor
30:36 Imperial Age
28:57 Fortified Wall
30:50 Ballistics
31:21 Bracer
31:13 Horse Collar
31:28 Gold Mining
32:47 Wheelbarrow
33:46 Conscription
34:28 Hand Cart
34:53 Gold Shaft Mining
36:17 Elite Skirmisher
38:00 Chemistry
42:08 Scale Barding Armor
42:42 Light Cavalry
43:32 Bloodlines
44:03 Scale Mail Armor
45:43 Husbandry
46:36 Chain Barding Armor
46:31 Chain Mail Armor
46:17 Heavy Camel Rider
47:10 Forging
48:02 Bow Saw
50:45 Heavy Plow
50:47 Hussar
51:48 Town Watch
52:25 Heavy Scorpion
DANICW82
4:19 Loom
11:00 Feudal Age
15:20 Castle Age
13:29 Double-Bit Axe
14:37 Horse Collar
20:10 Heavy Plow
22:49 Wheelbarrow
22:48 Stone Mining
22:51 Gold Mining
24:33 Bow Saw
25:28 Gold Shaft Mining
25:56 Hand Cart
25:48 Fletching
28:55 Padded Archer Armor
28:51 Bodkin Arrow
29:25 Forging
30:00 Crop Rotation
30:40 Two-Man Saw
30:00 Leather Archer Armor
33:44 Imperial Age
33:16 Iron Casting
32:47 Scale Barding Armor
33:45 Ballistics
34:17 Husbandry
35:00 Bracer
36:03 Chemistry
35:32 Squires
34:52 Pikeman
35:18 Arson
36:37 Scale Mail Armor
37:38 Blast Furnace
41:11 Conscription
41:00 Burgundian Vineyards
41:14 Chain Mail Armor
40:27 Elite Skirmisher
42:38 Halberdier
53:46 Plate Mail Armor
53:37 Chain Barding Armor
TheKingofKing
9:59 Feudal Age
10:37 Loom
13:57 Castle Age
13:46 Double-Bit Axe
24:42 Wheelbarrow
26:17 Hand Cart
29:31 Imperial Age
28:14 Scale Barding Armor
28:19 Forging
28:15 Gold Mining
28:37 Bow Saw
29:11 Husbandry
29:52 Chain Barding Armor
30:41 Gold Shaft Mining
29:54 Cavalier
32:15 Plate Barding Armor
32:16 Iron Casting
32:59 Paladin
36:52 Blast Furnace
46:57 Scale Mail Armor
46:32 Pikeman
47:12 Squires
46:57 Arson
47:51 Halberdier
51:15 Chain Mail Armor
Comrades of Kankidiot
10:31 Feudal Age
14:51 Castle Age
13:41 Loom
14:54 Double-Bit Axe
17:38 Horse Collar
20:04 Gold Mining
27:46 Imperial Age
25:54 Town Watch
26:30 Fletching
31:44 Bodkin Arrow
31:50 Crossbowman
35:40 Bracer
35:04 Arbalester
36:42 Ballistics
52:10 Thumb Ring
53:03 Bracer
武林(野うさぎ同盟 )
8:42 Feudal Age
9:15 Horse Collar
9:20 Double-Bit Axe
16:37 Castle Age
17:38 Wheelbarrow
17:41 Bow Saw
24:35 Gold Mining
28:22 Imperial Age
26:15 Heavy Plow
26:36 Bloodlines
27:22 Hand Cart
27:10 Loom
28:01 Cavalier
29:31 Scale Mail Armor
29:36 Scale Barding Armor
30:06 Crop Rotation
30:14 Husbandry
31:23 Gold Shaft Mining
33:18 Chain Barding Armor
32:32 Savar
36:02 Plate Barding Armor
35:38 Forging
37:36 Conscription
38:59 Citadels
40:37 Town Watch
40:23 Elite War Elephant
41:48 Iron Casting
42:33 Two-Man Saw
43:37 Blast Furnace
42:29 Fletching
45:53 Devotion
45:16 Light Cavalry
47:36 Bodkin Arrow
49:03 Stone Mining
50:41 Guilds
Pororoca
10:56 Feudal Age
15:13 Castle Age
13:47 Double-Bit Axe
15:01 Horse Collar
17:33 Fletching
26:19 Bodkin Arrow
25:50 Crossbowman
30:13 Padded Archer Armor
30:47 Bow Saw
30:42 Loom
31:33 Wheelbarrow
31:26 Town Watch
32:16 Gold Mining
36:01 Imperial Age
34:50 Ballistics
34:46 Leather Archer Armor
35:40 Gold Shaft Mining
34:56 Stone Mining
35:22 Hand Cart
36:47 Bracer
36:37 Arbalester
38:27 Chemistry
37:58 Ring Archer Armor
38:44 Heavy Plow
42:58 Town Patrol
49:05 Hoardings
AsadoFree
11:08 Feudal Age
15:05 Castle Age
13:15 Double-Bit Axe
13:58 Horse Collar
23:51 Wheelbarrow
24:54 Pikeman
25:35 Squires
30:32 Imperial Age
28:46 Hand Cart
28:17 Loom
29:28 Forging
29:18 Scale Mail Armor
31:00 Bow Saw
30:52 Heavy Plow
30:38 Capped Ram
31:22 Halberdier
33:53 Iron Casting
33:34 Chain Mail Armor
34:20 Conscription
34:51 Siege Ram
37:17 Chemistry
36:37 Ballistics
38:34 Heavy Scorpion
46:06 Blast Furnace
45:36 Plate Mail Armor
47:13 Siege Engineers
48:11 Crop Rotation
48:42 Two-Man Saw
48:37 Coinage
52:15 Murder Holes
52:30 Fortified Wall
Connection lost

Rejoining the realm…

Still unreachable

The connection could not be restored.

Session expired

The server has moved on; the page needs a fresh start.